 Dungeon Crawl Stone Soup version 0.32-a0-666-ge8a88695a4 (webtiles) character file.

Game seed: 1253189361484067820

37 ezpacito the Trooper (level 3, 0/29 HPs)
             Began as a Coglin Chaos Knight on Mar 10, 2024.
             Was a Plaything of Xom.
             Slain by a neqoxec (7 damage)
             ... summoned by Xom
             ... on level 1 of the Dungeon.
             The game lasted 00:01:02 (416 turns).

ezpacito the Trooper (Coglin Chaos Knight)           Turns: 416, Time: 00:01:02

Health: 0/29       AC:  5    Str: 14    XL:     3   Next: 39%
Magic:  3/3        EV: 11    Int: 11    God:    Xom [......]
Gold:   54         SH:  0    Dex: 13    Spells: 3/3 levels left

rFire   . . .        a - +0 hand axe (chaos) {Qiang}
rCold   . . .        d - +0 dagger (drain) {Edwyna}
rNeg    . . .        b - +2 leather armour
rPois   .            (no helmet)
rElec   .            (no cloak)
rCorr   .            (no gloves)
SInv    .            (no boots)
Will    .....        (amulet unavailable)
Stlth   +            (ring unavailable)
HPRegen 0.24/turn    (ring unavailable)
MPRegen 0.08/turn    (no gizmo)

%: no passive effects
@: revved
A: off-hand wielding, slow wielding, warmup strikes, no jewellery
a: Invent Gizmo, Renounce Religion


You were on level 1 of the Dungeon.
You worshipped Xom.
You were a very special plaything of Xom.
You visited 1 branch of the dungeon, and saw 2 of its levels.

You collected 54 gold pieces.

Inventory:

Hand Weapons
 a - a +0 hand axe of chaos (weapon) {Qiang}
 d - a +0 dagger of draining (offhand) {Edwyna}
Armour
 b - a +2 leather armour (worn)
 e - a +0 plate armour


   Skills:
 * Level 3.3 Fighting
 * Level 3.2(3.3) Axes
 + Level 0.2(1.8) Polearms
 * Level 2.1 Armour
 * Level 1.4 Dodging
 + Level 0.2 Stealth
 + Level 0.5 Spellcasting


You had 3 spell levels left.
You didn't know any spells.
Your spell library was empty.

Dungeon Overview and Level Annotations

Branches:
Dungeon (2/15)

Altars:


Innate Abilities, Weirdness & Mutations

You can wield a second weapon in your off-hand.
It takes a long time for you to wield or remove held weapons.
Your first few attacks do less damage.
You cannot equip rings or amulets.


Message History

Your +0 dagger {Edwyna} craves living souls!
d - a +0 dagger of draining (offhand) {Edwyna} The neqoxec closely misses your butterfly.
As you read the scroll labelled JEUWUO UXAOG, it crumbles to dust.
You feel aware of your surroundings.
It was a scroll of revelation.
The neqoxec hits your butterfly!
Your butterfly dies!
Your butterfly disappears in a burst of colours!
As you read the scroll labelled PEHAEL VIZA, it crumbles to dust.
It is a scroll of identify.
You don't currently have any unidentified items.
The crimson imp hits you.
You take 1 damage, and have 14/29 hp.
You miss the crimson imp with your +0 hand axe of chaos.
You hit the crimson imp with your +0 dagger of draining.
Your butterfly disappears in a puff of smoke!
The crimson imp hits you. The neqoxec misses you.
You take 3 damage, and have 11/29 hp.
You barely miss the neqoxec with your +0 hand axe of chaos.
The neqoxec is lightly wounded.
You closely miss the crimson imp with your +0 hand axe of chaos.
You hit the neqoxec but do no damage. The crimson imp barely misses you.
The neqoxec hits you.
* * * LOW HITPOINT WARNING * * *
You take 5 damage, and have 6/29 hp.
You aren't carrying any potions.
You aren't carrying any scrolls.
You closely miss the neqoxec with your +0 dagger of draining.
The neqoxec is lightly wounded.
You hit the neqoxec but do no damage.
You hit the crimson imp but do no damage.
The crimson imp is poisoned.
The crimson imp degenerates into a cloud of primal chaos!
The neqoxec hits you but does no damage.
You hit the neqoxec but do no damage.
The neqoxec is lightly wounded.
You barely miss the neqoxec with your +0 hand axe of chaos.
The neqoxec hits you!
You die... "Huh?
Did I miss anything?"

*..b~~♣b.~.~b.b# #...
###.P~~~~≈~≈~.~P.# #.##
####.~~.~≈≈~b~..)# #.##
####.~~.~~P~~...## #...
####..~~~~~.~~†b####.##
####..♣#....♣†.......##
#####.####.###.#####...
#####§####.###.##......
#####.@3..........##.##
##########.###.###*#.#
##########......,,,..#
################**####
###############
###############


You could see a neqoxec (summoned).

Vanquished Creatures
  An adder (D:2)
  A bat (D:1)
  3 endoplasms
  3 giant cockroaches
  4 goblins
  A kobold (D:1)
  3 quokkas
  2 ball pythons (D:1)
  2 frilled lizards (D:1)
  4 rats
24 creatures vanquished.

Notes
Turn   | Place    | Note
-------+----------+-------------------------------------------
     0 | D:1      | ezpacito the Coglin Chaos Knight began the quest for the
                  | Orb.
     0 | D:1      | Reached XP level 1. HP: 18/18 MP: 1/1
    30 | D:1      | You fall into a shaft and drop 1 floor!
    53 | D:2      | XOM: divination: detect items
    69 | D:2      | Reached skill level 1 in Dodging
    92 | D:2      | Reached XP level 2. HP: 24/24 MP: 2/2
   118 | D:1      | Found a faded altar of an unknown god.
   208 | D:1      | Reached XP level 3. HP: 27/29 MP: 3/3
   306 | D:1      | XOM: confusion (+ monsters)
   393 | D:1      | XOM: summons 2 hostile demons
   394 | D:1      | Noticed a neqoxec
   398 | D:1      | XOM: butterfly on damage
   416 | D:1      | Slain by a neqoxec

Illustrated notes

Levels and vault maps discovered:
D:1:      ncdulo_smallfort, layout_loops_cross,
          chequers_ecumenical_altar_island, serial_bayou_pond_b
D:2:      layout_basic, minmay_hexomino_c4

Skill      XL: |  1 |
---------------+----+-----
Dodging        | 1 |  1.4
Armour         | 2 |  2.1
Fighting       | |  3.3
Axes           | |  3.2
Polearms       | |  0.2
Stealth        | |  0.2
Spellcasting   | |  0.5

Action                     || total
---------------------------++-------
  Melee: Hand axe          ||    76
         Dagger            ||    69
    Use: Scroll            ||     4
 Armour: Leather armour    ||    37
  Dodge: Dodged            ||    54

Table legend: (Time is in decaauts)
 A = Elapsed time spent in this place.
 B = Non-inter-level travel time spent in this place.
 C = Inter-level travel time spent in this place.
 D = Time resting spent in this place.
 E = Time spent auto-exploring this place.
 F = Levels seen in this place.
 G = Mean time per level.
                   A        B        C        D        E       F      G
               +--------+--------+--------+--------+--------+-----+--------+
         Total |    429 |    413 |     16 |      0 |    229 |   2 |  214.5 |
       Dungeon |    429 |    413 |     16 |      0 |    229 |   2 |  214.5 |
               +--------+--------+--------+--------+--------+-----+--------+

Top non-repeatable levels by time:
     D:1: 348 daAuts
     D:2: 80 daAuts
